AoeStats
← christar123 ten

Arabian Desert

509138323Analyzed
1v1 RM · 7d ago on Sep 25, 2026· 45m 23s· 2 players
Game mode
Random Map
Map size
Tiny (2 player)
Population
200
Speed
Normal
Resources
Standard
Victory
Conquest
Starting age
Dark Age
Ending age
Imperial Age
RankedLock teamsTeams togetherTeam positionsShared explorationLock speedFull tech treeHidden civsTurbo modeCheats
Victory
Defeat
🇬🇧 Bohemians · United Kingdom
2050
+16
🇬🇪 Vietnamese · Georgia
2057
-16
christar123 ten
5:57 Loom
8:45 Feudal Age
10:56 Double-Bit Axe
16:43 Scale Barding Armor
18:52 Fletching
19:17 Horse Collar
24:45 Castle Age
24:12 Forging
24:10 Horse Collar
26:03 Bow Saw
28:01 Chain Barding Armor
31:10 Wheelbarrow
31:36 Heavy Plow
33:25 Wheelbarrow
33:55 Husbandry
38:37 Imperial Age
35:54 Crossbowman
37:37 Ballistics
37:55 Bodkin Arrow
38:00 Padded Archer Armor
39:30 Bracer
38:55 Arbalester
41:08 Chemistry
41:48 Leather Archer Armor
43:21 Ring Archer Armor
44:04 Light Cavalry
45:22 Iron Casting
[TMG] Lucipher
5:53 Loom
8:40 Feudal Age
9:19 Double-Bit Axe
9:21 Horse Collar
16:12 Fletching
26:37 Castle Age
25:25 Padded Archer Armor
25:17 Gold Mining
27:16 Bodkin Arrow
26:41 Crossbowman
27:34 Bow Saw
28:18 Heavy Plow
30:53 Forging
33:59 Scale Barding Armor
36:02 Wheelbarrow
36:23 Wheelbarrow
40:10 Imperial Age
39:12 Hand Cart
40:39 Ballistics
40:54 Bracer
40:26 Arbalester
44:01 Elite Skirmisher
45:47 Leather Archer Armor
Connection lost

Rejoining the realm…

Still unreachable

The connection could not be restored.

Session expired

The server has moved on; the page needs a fresh start.